 Dungeon Crawl Stone Soup version 0.28-a0-409-g6a72785379 (webtiles) character file.

Game seed: 15072238648342851720

135 Astera the Skirmisher (level 5, -9/47 HPs)
             Began as a Hill Orc Fighter on Sept 6, 2021.
             Was a Follower of Okawaru.
             Mangled by Jessica (13 damage)
             ... on level 3 of the Dungeon.
             The game lasted 00:08:25 (2534 turns).

Astera the Skirmisher (Hill Orc Fighter)            Turns: 2534, Time: 00:08:26

Health: -9/47      AC:  8    Str: 25    XL:     5   Next: 18%
Magic:  6/6        EV: 10    Int:  8    God:    Okawaru [*.....]
Gold:   83         SH:  4    Dex: 11    Spells: 4/4 levels left

rFire   . . .      SeeInvis .   a - +0 war axe
rCold   . . .      Faith    .   c - +0 buckler
rNeg    . . .      Spirit   .   b - +0 scale mail
rPois   +          Reflect  .   (no helmet)
rElec   .          Harm     .   (no cloak)
rCorr   .          Rampage  .   (no gloves)
Will    .....                   u - +0 pair of boots
Stlth   ..........              (no amulet)
HPRegen 0.15/turn               s - ring of poison resistance
MPRegen 0.10/turn               p - +6 ring of strength

@: no status effects
A: no striking features
a: Renounce Religion, Heroism


You were on level 3 of the Dungeon.
You worshipped Okawaru.
Okawaru was aware of your devotion.
You visited 1 branch of the dungeon, and saw 3 of its levels.

You collected 83 gold pieces.

Inventory:

Hand Weapons
 a - a +0 war axe (weapon)
Missiles
 e - 4 boomerangs (quivered)
 g - 2 curare-tipped darts
Armour
 b - a +0 scale mail (worn)
 c - a +0 buckler (worn)
 u - a +0 pair of boots (worn)
Jewellery
 j - a ring of resist corrosion
 p - a +6 ring of strength (right hand)
 s - a ring of poison resistance (left hand)
Wands
 t - a wand of digging (1)
Scrolls
 f - a scroll of magic mapping {unknown}
 i - a scroll of fear {unknown}
 m - a scroll of teleportation {unknown}
 n - a scroll of acquirement {unknown}
 r - 2 scrolls of identify {unknown}
 v - a scroll of fog {unknown}
Potions
 d - 4 potions of might
 h - 2 potions of magic {unknown}
 k - a potion of flight {unknown}
 l - a potion of curing {unknown}
 o - a potion of lignification {unknown}
 q - a potion of mutation {unknown}


   Skills:
 + Level 4.3 Fighting
 + Level 3.7 Axes
 + Level 4.2 Armour
 + Level 4.2 Shields
 + Level 2.0 Invocations


You had 4 spell levels left.
You didn't know any spells.
Your spell library was empty.

Dungeon Overview and Level Annotations

Branches:
Dungeon (3/15)

Altars:
Gozag
Makhleb
Okawaru

Annotations:
D:3 Jessica


Message History

Okawaru accepts your kill.
You see here an adder corpse.
HP restored.
Found a scale mail.
Found 18 arrows.
Found an iron altar of Okawaru.
There is an iron altar of Okawaru here.
You offer a prayer to Okawaru.
Found a burning altar of Makhleb.
Found an escape hatch in the ceiling.
Found a dagger.
A goblin comes into view. It is wielding a +0 hunting sling.
The goblin shouts!
The goblin shoots a stone.
The stone hits you.
No reachable target in view!
A goblin is nearby!
Why would you want to do that? Why would you want to do that?
HP restored.
Jessica the Apprentice Sorceress comes into view.
She is wielding a +1 dagger of electrocution and wearing a +2 robe of willpower.
Jessica shouts!
Jessica shouts, "You are a ghastly nuisance!"
Jessica hits you but does no damage.
You closely miss Jessica.
Jessica hits you with a +1 dagger of electrocution. x2
Your scale mail prevents you from hitting Jessica.
Jessica hits you with a +1 dagger of electrocution.
You are electrocuted!
You barely miss Jessica.
Jessica hits you with a +1 dagger of electrocution.
You are electrocuted!
* * * LOW HITPOINT WARNING * * *
You closely miss Jessica. Jessica barely misses you.
Your scale mail prevents you from hitting Jessica.
You block Jessica's attack. Jessica closely misses you.
You closely miss Jessica. Jessica hits you but does no damage.
You hit Jessica but do no damage.
Jessica hits you with a +1 dagger of electrocution.
* * * LOW HITPOINT WARNING * * *
You are electrocuted!
You die...

#.....###.### #..##.#
#.# ..#...##
##.#####..##.# #.# #
##..# #........##.# #.#
## ##.## ##...........#
#.#
#.##...###.#.#####.####
#.#
..#...#....#....<..#
#.# #.#####...#..####.#
#.# #.##.......#'##...#
#.# #.##.##...##.##@#.#
#.# #.##.###..#...#@#.#
#.##
#.........#._.#.#.#
#..#
####..<....#...#.#.#
##.#
...##)##########.#.#
#.# #..##.# ###.# #.#
[._##.# #.# #.# #..##.#
#.# .(.##.# #.#


You could see Jessica.

Vanquished Creatures
  Terence (D:2)
  An iguana (D:3)
  4 adders
  A worm (D:2)
  2 dart slugs (D:1)
  An orc (D:3)
  5 ball pythons
  4 bats
  4 endoplasms
  3 hobgoblins
  A kobold (D:2)
  3 quokkas (D:2)
  5 frilled lizards
  3 goblins
  6 rats
44 creatures vanquished.

Vanquished Creatures (others)
  2 plants (D:1)
2 creatures vanquished.

Grand Total: 46 creatures vanquished

Notes
Turn   | Place    | Note
-------+----------+-------------------------------------------
     0 | D:1      | Astera the Hill Orc Fighter began the quest for the Orb.
     0 | D:1      | Reached XP level 1. HP: 19/19 MP: 1/1
    83 | D:1      | Reached XP level 2. HP: 26/27 MP: 2/2
   182 | D:1      | Found a faded altar of an unknown god.
   206 | D:1      | Became a worshipper of Warmaster Okawaru
   206 | D:1      | Reached * piety under Okawaru
   704 | D:2      | Noticed Terence
   736 | D:2      | Reached XP level 3. HP: 33/33 MP: 3/3
   940 | D:2      | Killed Terence
   941 | D:2      | Reached skill level 1 in Invocations
   941 | D:2      | Reached XP level 4. HP: 24/40 MP: 3/5
  1765 | D:3      | Reached XP level 5. HP: 34/47 MP: 6/6
  1854 | D:3      | Found an opulent altar of Gozag.
  2395 | D:3      | Found an iron altar of Okawaru.
  2438 | D:3      | Found a burning altar of Makhleb.
  2526 | D:3      | Noticed Jessica
  2534 | D:3      | Mangled by Jessica

Illustrated notes

Levels and vault maps discovered:
D:1:      lightli_arrival_boilingwater, layout_rooms,
          shapermc_ecumenical_altar_gd, st_stairs_14
D:2:      layout_loops_ring, nrook_mini_backslash, minmay_stone_trees_small,
          uniq_terence
D:3:      kennysheep_goblin_castle, layout_loops_ring,
          pdpol_temple_overflow_zin_treasury_gozag_greed,
          lemuel_coloured_pillars_altar,
          mainiacjoe_overflow_concentric_impassable, uniq_jessica, uniq_natasha

Skill      XL: |  1  2  3  4 |
---------------+-------------+-----
Axes           | 3 |  3.7
Fighting       | 4 |  4.3
Shields        | 4 |  4.2
Invocations    | 1 2 |  2.0
Armour         | 4 |  4.2

Action                   |  1- 3 |  4- 6 || total
-------------------------+-------+-------++-------
Melee: War axe           |    82 |   101 ||   183
Throw: Boomerang         |     2 |       ||     2
Armor: Scale mail        |    46 |    50 ||    96
Dodge: Dodged            |    40 |    49 ||    89
Block: Buckler           |    17 |    27 ||    44

Table legend: (Time is in decaauts)
 A = Elapsed time spent in this place.
 B = Non-inter-level travel time spent in this place.
 C = Inter-level travel time spent in this place.
 D = Time resting spent in this place.
 E = Time spent auto-exploring this place.
 F = Levels seen in this place.
 G = Mean time per level.
                   A        B        C        D        E       F      G
               +--------+--------+--------+--------+--------+-----+--------+
         Total |   2603 |   2523 |     80 |    274 |   1565 |   3 |  867.7 |
       Dungeon |   2603 |   2523 |     80 |    274 |   1565 |   3 |  867.7 |
               +--------+--------+--------+--------+--------+-----+--------+

Top non-repeatable levels by time:
     D:2: 1174 daAuts
     D:1: 747 daAuts
     D:3: 681 daAuts
